[Event "Fagernes GM Open Autumn 2024"]
[Site "Fagernes"]
[Date "2024.10.08"]
[Round "3.6"]
[White "Stremavicius, Titas"]
[Black "Fiskaaen, Martin Holten"]
[Result "1-0"]
[ECO "A11"]
[WhiteElo "2541"]
[BlackElo "2259"]
[Annotator "TA"]
[PlyCount "65"]
[EventDate "2024.10.03"]
[EventType "swiss"]
[EventCountry "NOR"]
[SourceTitle "playchess.com"]
[Source "ChessBase"]
[SourceQuality "1"]
[TimeControl "40/6000:2400+30"]

1. Nf3 d5 2. g3 Nf6 3. Bg2 c6 4. c4 Bg4 5. d4 e6 6. h3 Bh5 7. O-O Nbd7 8. cxd5 {[%emt 0:00:00] The position is equal.} exd5 9. Ne5 Ne4 10. Bxe4 dxe4 11. Nc3 f6 12. Nc4 Nb6 13. Nxb6 axb6 14. Be3 Be7 15. a4 f5 (15... Qd7 $11) 16. d5 $14 Bf7 17. Qd4 Bf6 18. Qb4 c5 {[%emt 0:08:00] Black is on the road to losing.} 19. Qb5+ Kf8 {[%emt 0:00:17] [#]} (19... Qd7 $16) 20. a5 $1 $18 bxa5 (20... Rxa5 21. Rxa5) 21. Bxc5+ (21. Qxc5+ Kg8 22. d6 h5 23. Qxf5 Bxc3) 21... Kg8 {[%emt 0:00:00] [#]} 22. Rfd1 $1 {[%emt 0:07:25] And now d6 would win.} (22. Qxb7 $6 Rb8 23. Qc6 Rxb2 $14) 22... h5 $2 {[%emt 0:01:26] [#]} (22... Be8 23. Qxb7 Rb8) 23. d6 $1 (23. Qxb7 Rb8 24. Qa7 Rxb2 $16) 23... h4 24. Bb6 (24. Qxb7 Rb8 (24... hxg3 25. Nd5 $16) 25. Qc7 hxg3 $16) 24... Qf8 25. Rxa5 (25. Qxf5 hxg3 26. fxg3 (26. Nxe4 gxf2+ 27. Bxf2 Bb3 $18) 26... Rh5 27. Qxe4 Rxh3 $18) 25... hxg3 26. d7 {[%emt 0:01:47] Black must now prevent Rxa8.} (26. Qxf5 Rxa5 27. Qxa5 (27. Bxa5 $2 Rh5 $19) 27... gxf2+ 28. Bxf2 Bb3 $11) 26... gxf2+ 27. Kf1 {[%emt 0:00:45] Strongly threatening Rxa8.} (27. Bxf2 e3 $18) 27... Rb8 (27... Rxa5 $2 28. Bxa5 Bd8 29. Bb4 $18 (29. Kxf2 Rh6 $18) (29. Qxf5 $2 b6 $19) (29. Kxf2 Rh6 $18) (29. Qxf5 $2 b6 $19)) (27... Rxh3 $142 28. Rxa8 (28. Qxf5 Rh1+ 29. Kg2 Rxa5 $11) 28... Qxa8 29. d8=R+ (29. d8=Q+ Bxd8 30. Rxd8+ Qxd8 $18) 29... Bxd8) 28. Qxf5 (28. Bxf2 b6 29. Ra7 (29. Bxb6 Rxh3 30. Qc6 Rh6 $16) 29... Rxh3 $16) 28... e3 29. Nd5 (29. Bxe3 Rh5 30. Qxh5 Bxh5 31. Rxh5 Qf7 $11) 29... Bh4 30. Nxe3 (30. Bxe3 Rh5 31. Qe4 g6 $18) 30... Rh5 $2 (30... Qb4) 31. Qf4 {[%emt 0:00:00] Threatens to win with Rxh5. White is clearly winning.} Rxa5 32. Qxh4 g5 33. Qg3 {[%emt 0:00:00] Weighted Error Value: White=0.15 (very precise) /Black=0.45.  Mistake:       	---       	Black=5      Inaccurate:     	White=2     	Black=2      OK:         	White=12    	Black=4      Best:        	White=3     	Black=1      Strong:       	White=1     	---        Brilliant:      	White=1     	---} ({Weaker is} 33. d8=Q Rxd8 (33... gxh4 $2 {loses.} 34. Qxf8+ Kxf8 35. Bxa5 $18) 34. Qg3 Rxd1+ 35. Nxd1 Rb5 36. Bxf2 Qd8 $17) 1-0

[Event "Fagernes GM Open Autumn 2024"]
[Site "Fagernes"]
[Date "2024.10.08"]
[Round "3.7"]
[White "Sidhant, Mohapatra"]
[Black "Bazakutsa, Svyatoslav"]
[Result "0-1"]
[ECO "B51"]
[WhiteElo "2369"]
[BlackElo "2483"]
[Annotator "TA"]
[PlyCount "56"]
[EventDate "2024.10.03"]
[EventType "swiss"]
[EventCountry "NOR"]
[SourceTitle "playchess.com"]
[Source "ChessBase"]
[SourceQuality "1"]
[TimeControl "40/6000:2400+30"]

1. e4 c5 2. Nf3 Nc6 3. Bb5 d6 4. Bxc6+ bxc6 5. O-O e5 6. c3 f5 7. d4 cxd4 8. cxd4 fxe4 9. Ng5 {[%emt 0:01:59] White is slightly better.} d5 {[%emt 0:00:13] [#] aiming for ...exd4.} 10. dxe5 (10. Nxe4 $1 $14 dxe4 11. Qh5+ Kd7 12. dxe5) 10... Be7 (10... Bf5 $11 {remains equal.}) 11. Nc3 Bf5 12. Nh3 (12. Qa4 $14 Rc8 13. Rd1 Bxg5 14. Nxd5 Bxc1 15. Raxc1 (15. Nf6+ Nxf6 16. Rxd8+ Rxd8 $11)) 12... Qd7 $11 13. Nf4 Nh6 $1 14. Nh5 O-O {[%emt 0:08:20] And now ...Bg4 would win.} 15. Bxh6 gxh6 16. f3 {[%emt 0:01:25] Inhibits Bg4.} Qe6 {[%emt 0:03:54] ...exf3 is the strong threat.} 17. Qd4 ({Don't go for} 17. fxe4 $2 Bg4 18. Qd4 Bxh5 $19) 17... Bg6 {[%emt 0:05:02] Threatens to win with ...Bd8.} 18. Ng3 $2 (18. Nf6+ $1 $11 {and White is okay.} Bxf6 19. exf6) 18... exf3 $19 19. gxf3 (19. Rxf3 $17 {was necessary.} Rae8 20. Kh1) 19... Rf7 20. b4 (20. Qg4 $142 Qxg4 (20... Qxe5 21. f4 $17) 21. fxg4) 20... Raf8 21. f4 Qg4 22. Nce2 {[%emt 0:00:00] f5 would now be deadly.} Be4 (22... Bd8 $142 {Hoping for ...Bb6.} 23. Kh1 Bb6) 23. Rf2 $2 (23. Kf2 {might work better.}) 23... Bd8 {[%emt 0:00:30] Strongly threatening ...Bb6. This pair of bishops is nice.} 24. h3 (24. e6 $142 Rg7 (24... Qxe6 25. Nxe4 Rg7+ 26. N4g3 $11) 25. Kf1) 24... Qxh3 {[%emt 0:00:20] ( -> ...Bb6)} 25. Nxe4 Rg7+ 26. N4g3 Bb6 27. Qd3 {[%emt 0:00:34] [#]} Rxf4 $3 28. Raf1 (28. Nxf4 Rxg3+) 28... Rh4 {[%emt 0:02:30] Weighted Error Value: White=1.07/Black=0.22 (precise) .  Loses game:     	White=1     	---        Mistake:       	White=6     	Black=2      Inaccurate:     	White=2     	Black=2      OK:         	White=6     	Black=7      Best:        	---       	Black=3      Strong:       	---       	Black=1} 0-1

[Event "Fagernes GM Open Autumn 2024"]
[Site "Fagernes"]
[Date "2024.10.08"]
[Round "3.8"]
[White "Das, Sayantan"]
[Black "Krishnan, Ritvik"]
[Result "1/2-1/2"]
[ECO "C78"]
[WhiteElo "2471"]
[BlackElo "2206"]
[Annotator "TA"]
[PlyCount "121"]
[EventDate "2024.10.03"]
[EventType "swiss"]
[EventCountry "NOR"]
[SourceTitle "playchess.com"]
[Source "ChessBase"]
[SourceQuality "1"]
[TimeControl "40/6000:2400+30"]

1. e4 e5 2. Nf3 Nc6 3. Bb5 a6 4. Ba4 Nf6 5. O-O b5 6. Bb3 Bc5 7. c3 d6 8. d4 Bb6 9. Be3 O-O {[%emt 0:00:00] C78: Ruy Lopez: Archangelsk and Möller Defences.} 10. h3 exd4 {[%emt 0:00:00] 10...h6 is a critical line.} 11. cxd4 Na5 12. Bc2 Bb7 13. Nbd2 Re8 14. Qb1 h6 15. Re1 Nc4 16. Nxc4 bxc4 17. Nd2 Rb8 18. f3 {[%emt 0:15:40] [#]} (18. Qd1 $11) 18... Nd5 $146 (18... d5 $1 $15 19. e5 Nh5) ({Predecessor:} 18... c3 19. bxc3 Ba5 20. Qc1 Bxc3 21. Rb1 c6 22. Ba4 Bxd2 23. Qxd2 Qc7 24. d5 Rec8 {1-0 Kevlishvili,R (2450)-Mustafin,A (2262) EU-ch U16 27th 2017 (4)}) 19. exd5 $18 Rxe3 20. Rxe3 Bxd4 {[%emt 0:00:00] [#]} 21. Nf1 (21. Nxc4 $1 $18 {[%cal Ob1d1] is more deadly. Threatens to win with Qd1!} Bxd5 22. Qd1) 21... Qg5 $16 22. Bh7+ Kh8 23. Qe4 $1 Qxd5 24. Qxd5 Bxd5 25. Rd1 Bxe3+ 26. Nxe3 Be6 27. Be4 Rxb2 28. Rb1 (28. a4 $16) 28... Rxb1+ $1 $11 29. Bxb1 d5 30. f4 f6 31. Kf2 d4 32. Nf5 $1 c5 33. Ke1 c3 34. Nd6 Bd5 35. g4 a5 (35... g5 $11 36. fxg5 fxg5) 36. a3 $1 $14 Bb3 ({Black should try} 36... g5 $14) 37. Nb7 (37. Bd3 $16) 37... c2 $11 38. Bxc2 $1 Bxc2 39. Nxc5 g5 40. Kd2 Bb1 41. f5 Kg8 42. Nb3 Be4 43. Nxa5 Bg2 44. Nb3 Bxh3 45. Nxd4 (45. a4 $11) 45... Bxg4 ({Black should play} 45... Kf7 $15 46. a4 Ke7 (46... Bxg4 47. a5 $15) 47. Nc6+ (47. a5 Kd7 $17) 47... Kd7 (47... Kd6 $2 48. Nd8 $19)) 46. a4 $11 Bh3 47. a5 Bg2 48. a6 Kf7 (48... h5 $15) 49. Ke3 $1 $11 Ba8 50. Ne6 Ke7 51. Ng7 $1 (51. Nc7 Bc6 52. Ne6 (52. a7 $2 Kd7 $19) 52... h5 $15) 51... Kd6 52. Kd4 Ke7 (52... Bc6 $5) 53. a7 Bf3 54. Kc5 Ba8 55. Nh5 Bf3 56. Kc4 Ba8 (56... Bxh5 57. a8=Q (57. a8=B $2 Bg4 $19) 57... g4 58. Qe4+ Kf8 59. Kc5 g3 60. Kd6 Bf7 61. Qa8+ Be8 62. Ke6 (62. Qd8 g2 63. Qe7+ Kg8 64. Qxe8+ Kh7 65. Qg6+ Kh8 66. Ke6 g1=Q 67. Qxg1 Kh7 68. Kf7 Kh8 69. Qg8#)) 57. Kd4 Bf3 58. Ke3 Ba8 (58... Bxh5 59. a8=Q (59. a8=B $2 {too greedy.} Kd6 $19) 59... Bf7 60. Qa3+ Kd7 61. Qf8 Bd5 62. Qxf6 (62. Qxh6 Ke7 $18) 62... h5 63. Kd4 (63. Qxg5 h4 64. Qxh4 Kc6 65. f6 Bg8 66. Qh5 Be6 67. f7 Bxf7 68. Qxf7 Kb6)) 59. Kf2 Kd6 60. Nxf6 Ke5 61. Ng4+ 1/2-1/2

[Event "Fagernes GM Open Autumn 2024"]
[Site "Fagernes"]
[Date "2024.10.08"]
[Round "3.9"]
[White "Oye-Stromberg, Alexander"]
[Black "Hillarp Persson, Tiger"]
[Result "1/2-1/2"]
[ECO "B10"]
[WhiteElo "2248"]
[BlackElo "2455"]
[Annotator "TA"]
[PlyCount "80"]
[EventDate "2024.10.03"]
[EventType "swiss"]
[EventCountry "NOR"]
[SourceTitle "playchess.com"]
[Source "ChessBase"]
[SourceQuality "1"]
[TimeControl "40/6000:2400+30"]

1. e4 c6 2. Nf3 d5 3. d3 dxe4 4. dxe4 Qxd1+ 5. Kxd1 Nf6 6. Nbd2 h5 (6... g6 $11 {is superior.}) 7. a4 Nbd7 8. Bc4 Ng4 9. Ke2 Nge5 10. Ba2 b6 11. Nxe5 Nxe5 12. f4 Ba6+ 13. Kf2 Ng4+ 14. Kf3 $1 Rd8 15. Nc4 (15. h3 $14) 15... g5 $1 $15 16. Ne3 (16. c3 $15) 16... gxf4 $17 17. Nxg4 hxg4+ 18. Kxf4 Rd4 19. Re1 Rxh2 (19... Rxa4 $2 20. Bxf7+ (20. Kxg4 Bc8+ 21. Kg3 Be6 $17) 20... Kxf7 21. Rxa4 $18) 20. Kg3 Rh5 21. a5 (21. Kxg4 $17 Re5 22. Kf4) 21... Rxa5 $19 {[%emt 0:04:36] [#] ...Bg7 is the strong threat.} 22. b4 Rxb4 23. Bd2 Ra3+ 24. Bb3 Rbxb3+ (24... Rxa1 $17 25. Rxa1 Rd4 (25... Rxe4 26. Rxa6 e6 27. Rxa7 $14) 26. Rxa6 Rxd2 27. Rxa7 e6 28. Ra8+ Ke7) 25. cxb3 $11 Rxb3+ 26. Re3 $2 (26. Kh4 $1 $11 {and White is okay.} Rd3 27. Rxa6 Rxd2 28. Rxa7) 26... Rxe3+ $2 (26... Bd3 $19 {White must now prevent ...Bh6.} 27. Kxg4 a5 (27... Bh6 28. Rxd3 Rxd3 29. Bxh6 $11)) 27. Bxe3 $19 {[%emt 0:00:00][%mdl 4096] Endgame. KRB-KB} Bd3 28. Rxa7 Bg7 (28... Bxe4 $2 {perishes.} 29. Ra8+ (29. Kxg4 c5 $17) 29... Kd7 30. Rxf8 $18) 29. Bxb6 {[%emt 0:08:50] [#] Threatens to win with Ra8+.} Bxe4 30. Bc5 Bf6 31. Ra4 Be5+ 32. Kxg4 Bxg2 33. Ra8+ Kd7 {[%emt 0:00:00] Threatening ...Ke6.} 34. Ra7+ Ke6 {[%emt 0:00:00] And now ...Bd6 would win.} 35. Rxe7+ Kd5 36. Be3 f6 37. Bf4 Bd4 38. Rd7+ Ke4 39. Rxd4+ Kxd4 40. Kf5 c5 {[%emt 0:00:00] Weighted Error Value: White=0.28 (precise) /Black=0.19 (very precise) .  Loses game:     	White=1     	---        Missed win:     	---       	Black=2      Mistake:       	White=3     	Black=2      Inaccurate:     	---       	Black=1      OK:         	White=11    	Black=19     Best:        	White=5     	Black=2      Strong:       	White=1     	Black=1} 1/2-1/2

[Event "Fagernes GM Open Autumn 2024"]
[Site "Fagernes"]
[Date "2024.10.08"]
[Round "3.10"]
[White "Harish, Neeraj"]
[Black "Sorensen, Hampus"]
[Result "1-0"]
[ECO "B90"]
[WhiteElo "2024"]
[BlackElo "2423"]
[Annotator "TA"]
[PlyCount "99"]
[EventDate "2024.10.03"]
[EventType "swiss"]
[EventCountry "NOR"]
[SourceTitle "playchess.com"]
[Source "ChessBase"]
[SourceQuality "1"]
[TimeControl "40/6000:2400+30"]

1. e4 c5 2. Nf3 d6 3. d4 cxd4 4. Nxd4 Nf6 5. Nc3 a6 6. Be3 e5 7. Nb3 Be7 8. f3 Be6 9. Qd2 h5 10. Nd5 Nxd5 11. exd5 Bf5 12. Be2 a5 13. a4 O-O {[%emt 0:00:00] Die Stellung ist ausgeglichen.} 14. O-O Nd7 15. f4 {[%emt 0:00:01] Zielt auf fxe5 ab.} exf4 16. Bxf4 (16. Bxh5 $2 fxe3 17. Qxe3 Bxc2 $19) 16... Rc8 17. c3 (17. Nxa5 Rxc2 (17... Bxc2 18. Nc6 $14) 18. Qe3 Re8 $19 (18... Rxb2 19. Nc4 $15) (18... Qxa5 19. Qxe7 Nf6 20. Bf3 $17)) (17. Qxa5 Bxc2 18. Qxd8 Bxd8 $11) 17... Bg6 18. Nd4 {[%emt 0:06:06] Weiß steht aktiver.} Nb6 19. Nb5 Rc5 20. Bf3 Nc4 21. Qf2 Rc8 22. Rae1 (22. b3 $5 Ne5 $8 23. Be3 $11) 22... Bg5 23. Be4 Bxf4 24. Qxf4 Qb6+ 25. Kh1 Nxb2 $2 {[%emt 0:01:51][%mdl 8192] Das Aus für Schwarz.} (25... Ne5 $1 $14) 26. Nxd6 $18 {[%emt 0:03:06] [#] Und jetzt Bxg6 wäre schön.} (26. Qxd6 Nxa4 27. Bxg6 fxg6 $15) 26... Bxe4 (26... Nc4 $142) 27. Nxc8 (27. Nxe4 Rce8 $16) 27... Bxg2+ 28. Kxg2 Qg6+ 29. Qg3 Rxc8 30. Qxg6 fxg6 {[%emt 0:00:00][%mdl 4096] Endspiel. KRR-KRN} 31. Re7 {[%emt 0:01:27] [#] Schwarz muss nun d6 beachten.} Nc4 32. Rff7 (32. Rxb7 Ne3+ 33. Kg1 Nxf1 34. Kxf1 Rxc3 $11) 32... Ne3+ 33. Kf2 (33. Rxe3 Kxf7 34. h4 (34. d6 Rd8 $17) 34... Rc4 $17) 33... Nxd5 (33... Nf5 $142 34. Rc7 (34. Rxb7 Rxc3 35. d6 Nxd6 $18) 34... Re8) 34. Rxg7+ Kh8 35. Rh7+ Kg8 36. Reg7+ Kf8 37. Rxb7 Kg8 {[%emt 0:00:00] Verhindert Rh8+.} 38. Rbg7+ Kf8 39. Rh8+ Kxg7 40. Rxc8 {[%emt 0:00:00] KR-KN} Nb6 41. Rc7+ Kh6 42. c4 (42. h4 $142 Nxa4 43. Ke3) 42... Nxa4 43. h4 {[%emt 0:01:11] Beabsichtigt c5 und Matt.} Nb2 44. c5 {[%emt 0:00:23][%cal Bc4c5,Bc5c6][%mdl 32] Weiß setzt Matt.} a4 45. c6 Nd3+ 46. Kg3 Nb4 47. Rc8 Kg7 48. c7 Nd5 49. Ra8 Nxc7 50. Ra7 {[%emt 0:00:03] Gewichteter Fehlerwert: Weiß=0.07 (makellos) /Schwarz=0.52.  Verlustzug:     	---       	Schwarz=1     Fehler:       	---       	Schwarz=2     Ungenau:       	Weiß=2     	Schwarz=1     OK:         	Weiß=9     	Schwarz=5     Bester:       	Weiß=4     	Schwarz=2} ({Schlechter ist} 50. Rxa4 Ne6 $11) 1-0

[Event "Fagernes GM Open Autumn 2024"]
[Site "Fagernes"]
[Date "2024.10.08"]
[Round "3.11"]
[White "Willow, Jonah B"]
[Black "Myagmarsuren, Evsuld"]
[Result "1-0"]
[ECO "B48"]
[WhiteElo "2420"]
[BlackElo "2171"]
[Annotator "TA"]
[PlyCount "92"]
[EventDate "2024.10.03"]
[EventType "swiss"]
[EventCountry "NOR"]
[SourceTitle "playchess.com"]
[Source "ChessBase"]
[SourceQuality "1"]
[TimeControl "40/6000:2400+30"]

1. e4 c5 2. Nf3 e6 3. d4 cxd4 4. Nxd4 Nc6 5. Nc3 Qc7 6. Be3 a6 7. a3 b5 8. Nxc6 Qxc6 9. h4 Bb7 10. h5 Nf6 {[%emt 0:01:32] The position is equal.} 11. f3 h6 12. e5 Nd5 13. Nxd5 Qxd5 14. Qxd5 Bxd5 15. Rh4 Rc8 16. Kd2 Bc5 17. Bxc5 Rxc5 18. b4 $1 Rc8 19. a4 Rb8 20. axb5 axb5 21. Ra5 Bc6 22. Rd4 Ke7 23. Rg4 Rhg8 24. Bd3 f5 25. Rg6 Kf7 $1 26. Ke3 $36 {[%emt 0:05:20][%mdl 2048] White is really pushing. White is much more active.} Ra8 {[%emt 0:01:55] [#]} 27. Rxa8 (27. Bxb5 $2 Rxa5 28. bxa5 Bxb5 $19) 27... Rxa8 $16 {[%emt 0:00:00][%mdl 4096] Endgame. KRB-KRB} 28. g4 f4+ 29. Kxf4 {[%emt 0:00:00] Strongly threatening Ke3.} Ra4 $1 30. Ke3 $1 (30. c3 Ra3 $11) 30... Rxb4 31. f4 $1 Rb1 {[%emt 0:00:28] Black is on the road to losing.} (31... Ra4 $1 $11) 32. f5 Re1+ $2 (32... exf5 $16 33. gxf5 Rh1) 33. Kf4 $18 exf5 34. gxf5 (34. Kxf5 Re3 35. g5 hxg5 $11) 34... Bd5 35. Rd6 (35. Bxb5 Re4+ 36. Kg3 Rxe5 $11) 35... Bc6 36. Rg6 Bd5 $1 {[%emt 0:00:00] [#]} 37. f6 $1 (37. Bxb5 Re4+ 38. Kg3 Rxe5 $11) 37... gxf6 38. Rxf6+ (38. Bxb5 Re4+ (38... fxe5+ $2 39. Kg4 $17) (38... Rxe5 39. Rxh6 Be4 40. Rh8 $11) 39. Kg3 Rxe5 (39... fxe5 40. Bxd7 Re3+ 41. Kh4 $11) 40. Bxd7 Be4 (40... Rxh5 41. Rg4 $15) 41. Rxh6 Kg7 $19 (41... Bxc2 42. Rh8 $11) (41... Bxc2 42. Rh8 $11)) 38... Ke7 39. Rxh6 b4 $2 (39... Be6 40. Bxb5 Rh1 41. Rh7+ Bf7) 40. Rh7+ Kd8 41. h6 b3 42. cxb3 Rd1 43. Rh8+ Ke7 {[%emt 0:00:00] [#]} 44. h7 $1 {[%emt 0:00:00] White mates.} Rxd3 {[%emt 0:00:00] [#]} (44... Rh1 45. Rb8) 45. Re8+ $3 Kf7 (45... Kxe8 46. h8=Q+) 46. h8=Q (46. h8=N+ $2 {loses.} Kxe8 47. Ng6 Rxb3 $19) 46... Rf3+ {[%emt 0:00:00] Weighted Error Value: White=0.16 (very precise) /Black=0.51.  Loses game:     	---       	Black=1      Mistake:       	---       	Black=2      Inaccurate:     	White=2     	Black=3      OK:         	White=12    	Black=7      Best:        	White=5     	Black=1      Strong:       	White=4     	Black=3} 1-0

[Event "Fagernes GM Open Autumn 2024"]
[Site "Fagernes"]
[Date "2024.10.08"]
[Round "3.12"]
[White "Amar, Elham"]
[Black "Nagare Akhilesh"]
[Result "1-0"]
[ECO "B27"]
[WhiteElo "2540"]
[BlackElo "2245"]
[Annotator "RC"]
[PlyCount "77"]
[EventDate "2024.10.03"]
[EventType "swiss"]
[EventCountry "NOR"]
[SourceTitle "playchess.com"]
[Source "ChessBase"]
[SourceQuality "1"]
[TimeControl "40/6000:2400+30"]

1. e4 c5 2. Nf3 g6 3. c3 d5 4. e5 Nc6 5. d4 Bg4 6. Bb5 Bg7 7. Nbd2 Qb6 8. Bxc6+ bxc6 9. O-O Nh6 10. h3 Bxf3 11. Nxf3 O-O 12. dxc5 Qxc5 13. Be3 Qc4 14. Qd2 Nf5 15. b3 Qb5 16. Bg5 f6 17. Bf4 fxe5 18. Bxe5 Bf6 19. Rfe1 Rfe8 20. Qf4 Rf8 21. Bxf6 exf6 22. g4 Ng7 23. Re7 Qb8 24. Qxb8 Rfxb8 25. Rae1 Re8 26. Rc7 Rxe1+ 27. Nxe1 Re8 28. Kf1 Ne6 29. Rxc6 Ng5 30. h4 Ne4 31. Nc2 g5 32. h5 Nd2+ 33. Kg2 Re4 34. Ne3 Rf4 35. Rc8+ Kf7 36. Rc7+ Ke8 37. Rxh7 Ne4 38. f3 Nxc3 39. Rc7 1-0

[Event "Fagernes GM Open Autumn 2024"]
[Site "Fagernes"]
[Date "2024.10.08"]
[Round "3.13"]
[White "Carlsson, Ludvig"]
[Black "Skotheim, Andreas"]
[Result "1-0"]
[ECO "C47"]
[WhiteElo "2334"]
[BlackElo "2234"]
[Annotator "RC"]
[PlyCount "99"]
[EventDate "2024.10.03"]
[EventType "swiss"]
[EventCountry "NOR"]
[SourceTitle "playchess.com"]
[Source "ChessBase"]
[SourceQuality "1"]
[TimeControl "40/6000:2400+30"]

1. e4 e5 2. Nf3 Nc6 3. Nc3 Nf6 4. d4 exd4 5. Nxd4 Bb4 6. Nxc6 bxc6 7. Bd3 O-O 8. O-O Re8 9. Re1 d6 10. h3 Nd7 11. Bd2 Nc5 12. a3 Bxc3 13. Bxc3 Na4 14. Bd4 c5 15. Bb5 Bd7 16. Bxa4 Bxa4 17. Bc3 Qh4 18. Re3 Re6 19. Rg3 Rg6 20. Rxg6 hxg6 21. Qd5 Re8 22. b3 Bd7 23. Re1 Qd8 24. b4 Be6 25. Qd3 Qb8 26. bxc5 dxc5 27. Rd1 Qb7 28. Ba1 Qc6 29. Qc3 f6 30. f3 Qb5 31. Kf2 a5 32. g4 c4 33. h4 Qc5+ 34. Qe3 Qxe3+ 35. Kxe3 Rb8 36. Bc3 a4 37. Rg1 Kf7 38. Kd4 Rh8 39. Rh1 f5 40. h5 Rd8+ 41. Ke5 gxh5 42. gxf5 Bc8 43. Rxh5 Rd1 44. Rg5 Rd6 45. Kf4 g6 46. Rxg6 Rxg6 47. fxg6+ Kxg6 48. Bd4 Bh3 49. Ke5 Kf7 50. c3 1-0

[Event "Fagernes GM Open Autumn 2024"]
[Site "Fagernes"]
[Date "2024.10.08"]
[Round "3.14"]
[White "Krivenko, Dion"]
[Black "Laddha, Shubh Jayesh"]
[Result "1-0"]
[ECO "C24"]
[WhiteElo "2244"]
[BlackElo "2308"]
[Annotator "RC"]
[PlyCount "117"]
[EventDate "2024.10.03"]
[EventType "swiss"]
[EventCountry "NOR"]
[SourceTitle "playchess.com"]
[Source "ChessBase"]
[SourceQuality "1"]
[TimeControl "40/6000:2400+30"]

1. e4 e5 2. Bc4 Nf6 3. d3 c6 4. Nf3 d5 5. Bb3 Bb4+ 6. Bd2 Bxd2+ 7. Qxd2 Qd6 8. Qg5 Nbd7 9. exd5 cxd5 10. d4 e4 11. Ne5 O-O 12. Nc3 h6 13. Qg3 Nb6 14. O-O-O Be6 15. f3 Rfc8 16. Ng4 Qe7 17. Nxf6+ Qxf6 18. fxe4 Rd8 19. Rhf1 Qe7 20. Rde1 Qb4 21. Qf2 dxe4 22. Rxe4 Bxb3 23. axb3 Qf8 24. Qf5 Rac8 25. Ref4 Rc7 26. Qa5 Rdc8 27. Kb1 Qd8 28. R1f2 Qe8 29. Re4 Qc6 30. Rfe2 a6 31. Qf5 g6 32. Qf4 Kg7 33. Re7 Qf6 34. Qxf6+ Kxf6 35. Rxc7 Rxc7 36. Ne4+ Kg7 37. c4 f5 38. Nc5 Kf7 39. Kc2 Nc8 40. Ne6 Rd7 41. d5 g5 42. Kd3 b6 43. b4 Ne7 44. b3 f4 45. Nd4 Ng6 46. Ra2 Re7 47. Ne6 Ne5+ 48. Kd4 Ng4 49. Rxa6 Nxh2 50. Rxb6 Nf1 51. Ra6 Ne3 52. Ra2 Kf6 53. b5 h5 54. b6 h4 55. c5 Nxg2 56. Rxg2 h3 57. Rh2 f3 58. Ke4 g4 59. Kf4 1-0

[Event "Fagernes GM Open Autumn 2024"]
[Site "Fagernes"]
[Date "2024.10.08"]
[Round "3.15"]
[White "Eliseev, Sergey"]
[Black "Sian, Shadi"]
[Result "1/2-1/2"]
[ECO "C42"]
[WhiteElo "2276"]
[BlackElo "2182"]
[Annotator "RC"]
[PlyCount "138"]
[EventDate "2024.10.03"]
[EventType "swiss"]
[EventCountry "NOR"]
[SourceTitle "playchess.com"]
[Source "ChessBase"]
[SourceQuality "1"]
[TimeControl "40/6000:2400+30"]

1. e4 e5 2. Nf3 Nf6 3. Nxe5 d6 4. Nf3 Nxe4 5. Nc3 Nxc3 6. dxc3 Be7 7. Be3 O-O 8. Qd2 Nd7 9. O-O-O Nf6 10. Bd3 Re8 11. h4 d5 12. Bg5 c5 13. Rde1 Bd7 14. Re5 Be6 15. Rhe1 Bd6 16. R5e2 Qc7 17. g3 Be7 18. Bxf6 Bxf6 19. Ng5 Bxg5 20. hxg5 g6 21. c4 Red8 22. cxd5 Rxd5 23. Qe3 Rd4 24. c3 Rd6 25. a3 Rad8 26. Qe5 Qd7 27. Bc2 Rd5 28. Qf6 Rd6 29. f3 Rd2 30. Qf4 Rxe2 31. Rxe2 Bf5 32. Rd2 Qxd2+ 33. Qxd2 Rxd2 34. Kxd2 Be6 35. Be4 b6 36. Ke3 f6 37. f4 Kg7 38. Bf3 h6 39. gxh6+ Kxh6 40. Ke4 Kg7 41. g4 Kf7 42. Be2 Ke7 43. g5 fxg5 44. fxg5 Kd6 45. Kf4 Bf5 46. Bc4 Bc2 47. Bf7 a5 48. Bc4 Bf5 49. Be2 Kd5 50. Bb5 Bc2 51. Be8 Bf5 52. Bf7+ Kd6 53. b4 axb4 54. axb4 cxb4 55. cxb4 Bb1 56. Bc4 Bf5 57. Bb3 Bb1 58. Bf7 Bf5 59. Ba2 Bc2 60. Bc4 Bb1 61. b5 Kc5 62. Be2 Kd4 63. Bg4 Bd3 64. Bd7 Bc2 65. Bc6 Bd3 66. Bd7 Bc2 67. Bc6 Bd3 68. Bd7 Bc2 69. Bc6 Bd3 1/2-1/2

[Event "Fagernes GM Open Autumn 2024"]
[Site "Fagernes"]
[Date "2024.10.08"]
[Round "3.16"]
[White "Soham Datar"]
[Black "Oksendal, Martin"]
[Result "0-1"]
[ECO "B93"]
[WhiteElo "2188"]
[BlackElo "2271"]
[Annotator "RC"]
[PlyCount "62"]
[EventDate "2024.10.03"]
[EventType "swiss"]
[EventCountry "NOR"]
[SourceTitle "playchess.com"]
[Source "ChessBase"]
[SourceQuality "1"]
[TimeControl "40/6000:2400+30"]

1. e4 c5 2. Nf3 d6 3. d4 Nf6 4. Nc3 cxd4 5. Nxd4 a6 6. f4 e5 7. Nf5 d5 8. Ne3 exf4 9. Nexd5 Nxd5 10. Nxd5 Qh4+ 11. g3 fxg3 12. Bg2 gxh2+ 13. Kf1 Bd6 14. Be3 Bh3 15. e5 Qc4+ 16. Kf2 Qh4+ 17. Kf1 Bxe5 18. Qf3 Qc4+ 19. Ke1 Bg4 20. Qf1 Qxc2 21. Bf3 Bg3+ 22. Bf2 Bxf3 23. Bxg3 Bxd5 24. Rxh2 Qg6 25. Re2+ Be6 26. Bd6 Nc6 27. Qf2 O-O-O 28. Bh2 Qg5 29. Re3 Rhe8 30. Rc1 Qxe3+ 31. Qxe3 Bc4 0-1

[Event "Fagernes GM Open Autumn 2024"]
[Site "Fagernes"]
[Date "2024.10.08"]
[Round "3.17"]
[White "Sieber, Fiona"]
[Black "Gaikwad, Siddhant"]
[Result "0-1"]
[ECO "C02"]
[WhiteElo "2264"]
[BlackElo "2039"]
[Annotator "RC"]
[PlyCount "70"]
[EventDate "2024.10.03"]
[EventType "swiss"]
[EventCountry "NOR"]
[SourceTitle "playchess.com"]
[Source "ChessBase"]
[SourceQuality "1"]
[TimeControl "40/6000:2400+30"]

1. e4 e6 2. d4 d5 3. e5 c5 4. c3 Nc6 5. Nf3 Nh6 6. Bb5 Qb6 7. Qe2 Bd7 8. Bxc6 bxc6 9. dxc5 Bxc5 10. O-O a5 11. c4 Nf5 12. Nc3 a4 13. Qc2 Qa7 14. Rb1 O-O 15. b4 axb3 16. axb3 Nd4 17. Nxd4 Bxd4 18. Re1 Qc7 19. Bf4 f6 20. Qd2 Bxe5 21. Bxe5 fxe5 22. f3 Be8 23. c5 Bg6 24. Rb2 Rf5 25. b4 Raf8 26. Ra2 Qf7 27. Qe2 Qf6 28. Nd1 Qh4 29. Ne3 Rg5 30. Ng4 e4 31. g3 Qh5 32. h4 exf3 33. Qxe6+ Bf7 34. Qxf7+ Kxf7 35. Ra7+ Kg8 0-1